 Dungeon Crawl Stone Soup version 0.29-a0-90-gc37658a0fe (webtiles) character file.

Game seed: 6982195344022761832

607 cyrus the Slasher (level 7, -2/67 HPs)
             Began as a Troll Fighter on Feb 6, 2022.
             Was a Plaything of Xom.
             Slain by a shadow imp (5 damage)
             ... on level 5 of the Dungeon.
             The game lasted 00:16:35 (4076 turns).

cyrus the Slasher (Troll Fighter)                   Turns: 4076, Time: 00:16:36

Health: -2/67      AC:  4    Str: 25    XL:     7   Next: 19%
Magic:  6/6        EV: 10    Int:  4    God:    Xom [*.....]
Gold:   1481       SH:  0    Dex: 11    Spells: 6/6 levels left

rFire   + . .      SeeInvis .   p - +2 great sword (elec)
rCold   + . .      Faith    .   (shield currently unavailable)
rNeg    . . .      Spirit   .   b - +0 robe
rPois   +          Reflect  .   (helmet restricted)
rElec   +          Harm     .   (no cloak)
rCorr   +          Rampage  .   (gloves unavailable)
Will    .....                   (boots unavailable)
Stlth   +.........              (no amulet)
HPRegen 1.01/turn               (no ring)
MPRegen 0.10/turn               (no ring)

@: brilliant, resistant
A: large, unfitting armour, claws 3, regeneration 1, shaggy fur 1, tough skin 1
a: Renounce Religion


You were on level 5 of the Dungeon.
You worshipped Xom.
You were a special plaything of Xom.
You visited 1 branch of the dungeon, and saw 5 of its levels.

You collected 1481 gold pieces.

Inventory:

Hand Weapons
 a - a +0 long sword
 d - a +0 giant spiked club
 p - a +2 great sword of electrocution (weapon)
Missiles
 t - 22 stones (quivered)
Armour
 b - a +0 robe (worn)
 c - a +0 kite shield
 e - a +1 ring mail of positive energy
 r - a +1 pair of boots of flying
Magical Staves
 i - a staff of air
Wands
 g - a wand of acid (3)
 o - a wand of flame (13)
 q - a wand of paralysis (12)
Scrolls
 f - 3 scrolls of vulnerability {unknown}
 h - a scroll of fog {unknown}
 j - 2 scrolls of identify {unknown}
 k - 2 scrolls of teleportation {unknown}
Potions
 l - a potion of curing {unknown}
 m - a potion of haste {unknown}
 u - a potion of ambrosia


   Skills:
 + Level 3.5 Fighting
 + Level 4.1 Long Blades
 + Level 1.6 Maces & Flails
 + Level 3.7 Dodging
 + Level 1.1 Stealth
 + Level 3.1 Shields
 + Level 0.2 Evocations


You had 6 spell levels left.
You didn't know any spells.
Your spell library contained the following spells:

 Spells                   Type           Power      Damage    Failure   Level
 Apportation              Tloc           0%         N/A       50%         1
 Ensorcelled Hibernation  Hex/Ice        0%         N/A       65%         2
 Spider Form              Tmut/Pois      0%         N/A       86%         3
 Anguish                  Hex/Necr       0%         N/A       99%         4
 Alistair's Intoxication  Tmut/Pois      0%         N/A       100%        5


Dungeon Overview and Level Annotations

Branches:
Dungeon (5/15)
 Temple: D:4-7

Altars:
Ashenzari
Vehumet
Xom
Yredelemnul

Shops:
D:1 [


Innate Abilities, Weirdness & Mutations

You are too large for most types of armour.
You have claws for hands.
Your natural rate of healing is unusually fast.
You are covered in fur. (AC +1)
You have tough skin. (AC +1)


Message History

Aim: a white imp (chance to affect: 57%)
The white imp resists with significant effort.
The shadow imp closely misses you. The white imp gestures at you.
The puff of frost hits you. You resist.
* * * LOW HITPOINT WARNING * * *
You barely miss the shadow imp. The shadow imp closely misses you.
The white imp hits you.
* * * LOW HITPOINT WARNING * * *
The white imp freezes you. You resist.
* * * LOW HITPOINT WARNING * * *
The shadow imp gestures at you. Pain shoots through your body!
* * * LOW HITPOINT WARNING * * *
The white imp lashes its tail.
The white imp gestures at you. The puff of frost hits you. You resist.
* * * LOW HITPOINT WARNING * * *
Aiming: Corrosive Bolt
Press: ? - help, Q - select action, (/) - cycle Shift-Dir - straight line, f - shadow imp, p - white imp
Aim: a shadow imp (68% to hit)
The bolt of acid misses the shadow imp.
The shadow imp hits you.
* * * LOW HITPOINT WARNING * * *
The white imp hits you but does no damage.
The shadow imp grins evilly.
The shadow imp hits you.
* * * LOW HITPOINT WARNING * * *
You slash the shadow imp!
The shadow imp is severely wounded.
The shadow imp barely misses you. The white imp barely misses you.
Unknown command.
You closely miss the shadow imp.
The shadow imp is severely wounded.
The shadow imp gestures at you. Pain shoots through your body!
* * * LOW HITPOINT WARNING * * *
Xom is mildly amused.
The white imp closely misses you. The shadow imp hits you.
You die...

#.#...# #.............
#.....#.#...#.#......
#.<.#.#...#..#....
#.#.#.#...#...#'#
#.#.#.#...#.....####
#.#.#.#...#.........
#.#.#.#.#...#....######
#.....#.#...55.........
#####.#...#.#@........#
#...........#.........#
#.###.................#
#......#####......#
........... ......+
.##.##+#.### ......# .
... .... .....!# #..#
...# ### #... ..


You could see a white imp and a shadow imp.

Vanquished Creatures
  A human (D:4)
  A steam dragon (D:5)
  An ogre (D:3)
  A phantom (D:4)
  A hound (D:4)
  A human zombie (D:4)
  An iguana (D:3)
  2 adders (D:3)
  2 worms (D:2)
  2 dart slugs
  8 orcs (D:3)
  4 ball pythons
  7 bats
  6 endoplasms
  4 giant cockroaches
  4 goblins
  6 hobgoblins
  9 kobolds
  6 quokkas
  3 frilled lizards
  6 rats
  A bush (D:1)
77 creatures vanquished.

Vanquished Creatures (others)
  2 plants (D:1)
2 creatures vanquished.

Grand Total: 79 creatures vanquished

Notes
Turn   | Place    | Note
-------+----------+-------------------------------------------
     0 | D:1      | cyrus the Troll Fighter began the quest for the Orb.
     0 | D:1      | Reached XP level 1. HP: 22/22 MP: 0/0
   209 | D:1      | Reached XP level 2. HP: 29/29 MP: 1/1
   218 | D:1      | Found a faded altar of an unknown god.
   256 | D:1      | Prayed at the altar of an unknown god.
   256 | D:1      | Became a worshipper of Xom of Chaos
   304 | D:1      | XOM: silly message
   352 | D:1      | XOM: divination: magic mapping
   380 | D:1      | XOM: divination: detect creatures
   542 | D:1      | Found Haty's Antique Armour Emporium.
   692 | D:1      | XOM: silly message
   839 | D:1      | XOM: silly message
   866 | D:1      | XOM: silly message
  1041 | D:1      | Reached XP level 3. HP: 33/36 MP: 2/2
  1083 | D:1      | XOM: cloud trail
  1323 | D:2      | XOM: divination: detect items
  1463 | D:2      | Reached skill level 2 in Long Blades
  1687 | D:2      | Found a broken altar of Ashenzari.
  1960 | D:2      | XOM: cloud trail
  2172 | D:3      | Noticed an ogre
  2174 | D:3      | XOM: cleaving
  2178 | D:3      | Killed an ogre
  2179 | D:3      | Reached XP level 4. HP: 26/44 MP: 3/3
  2179 | D:3      | Reached XP level 5. HP: 31/52 MP: 4/4
  2399 | D:3      | Found a radiant altar of Vehumet.
  2464 | D:3      | XOM: divination: detect items
  2481 | D:3      | XOM: 8-stop teleportation journey
  2488 | D:3      | XOM: god gift: wand of acid (4)
  2505 | D:3      | Reached skill level 1 in Maces & Flails
  2585 | D:3      | XOM: god gift: spear {god gift}
  2958 | D:3      | XOM: god gift: 1198 gold pieces
  3175 | D:1      | XOM: god gift: wand of paralysis (6)
  3479 | D:4      | Reached skill level 3 in Long Blades
  3541 | D:4      | XOM: scenery: 1 doors close
  3647 | D:4      | Found a runed translucent door.
  3647 | D:4      | Noticed a human
  3664 | D:4      | Reached XP level 6. HP: 61/61 MP: 5/5
  3664 | D:4      | Found a basalt altar of Yredelemnul.
  3679 | D:4      | Killed a human
  3855 | D:4      | XOM: 5-stop teleportation journey
  3857 | D:4      | XOM: god gift: 47 gold pieces
  3871 | D:4      | XOM: god gift: 2 fizzy green potions {god gift}
  4039 | D:5      | Entered Level 5 of the Dungeon
  4056 | D:5      | Noticed a steam dragon
  4062 | D:5      | XOM: fake destruction
  4066 | D:5      | Killed a steam dragon
  4067 | D:5      | Reached skill level 4 in Long Blades
  4067 | D:5      | Reached skill level 1 in Stealth
  4067 | D:5      | Reached XP level 7. HP: 24/67 MP: 6/6
  4072 | D:5      | HP: 3/67 [shadow imp (3)]
  4076 | D:5      | Slain by a shadow imp

Illustrated notes

Levels and vault maps discovered:
D:1:      kilobyte_arrival_exit_the_forest, layout_basic, serial_forest,
          infiniplex_forest_lined_1, infiniplex_forest_clump_small,
          infiniplex_forest_lined_room_2, infiniplex_forest_clump_long,
          infiniplex_forest_end_2, hellmonk_ecumenical_altar_arch_garden,
          serial_shops, shop
D:2:      minmay_wonky_spiral, layout_loops_corners, basic_altar,
          minmay_strange_pillars
D:3:      layout_loops_ring, vehumet_altar_wand_db, gup_sewer_entry_spiral,
          serial_park_tiny_pond, st_stairs_9, hangedman_decor_riveting
D:4:      layout_basic, dk_yredelemnul_ordeal, minivault_5
D:5:      layout_basic, minmay_temple_entry_poolview

Skill      XL: |  1  2  3  4  5  6 |
---------------+-------------------+-----
Long Blades    | 2 3 4 |  4.1
Dodging        | 3 |  3.7
Shields        | 3 |  3.1
Maces & Flails | 1 |  1.6
Fighting       | 3 |  3.5
Stealth        | 1 |  1.1
Evocations     | |  0.2

Action                   |  1- 3 |  4- 6 |  7- 9 || total
-------------------------+-------+-------+-------++-------
Melee: Long sword        |   184 |       |       ||   184
       Staff             |     3 |       |       ||     3
       Giant spiked club |       |   125 |       ||   125
       Great sword       |       |    58 |     5 ||    63
Evoke: Wand              |       |     4 |     2 ||     6
  Use: Potion            |     4 |     4 |       ||     8
 Stab: Paralysed         |       |     4 |       ||     4
Armor: Robe              |   100 |    80 |     3 ||   183
Dodge: Dodged            |    94 |   137 |     8 ||   239
Block: Kite shield       |   105 |       |       ||   105

Table legend: (Time is in decaauts)
 A = Elapsed time spent in this place.
 B = Non-inter-level travel time spent in this place.
 C = Inter-level travel time spent in this place.
 D = Time resting spent in this place.
 E = Time spent auto-exploring this place.
 F = Levels seen in this place.
 G = Mean time per level.
                   A        B        C        D        E       F      G
               +--------+--------+--------+--------+--------+-----+--------+
         Total |   4340 |   4252 |     88 |      8 |   2452 |   5 |  868.0 |
       Dungeon |   4340 |   4252 |     88 |      8 |   2452 |   5 |  868.0 |
               +--------+--------+--------+--------+--------+-----+--------+

Top non-repeatable levels by time:
     D:1: 1403 daAuts
     D:3: 1086 daAuts
     D:2: 1068 daAuts
     D:4: 741 daAuts
     D:5: 40 daAuts
